[Event "Team 45 45 League T30"]
[Site "Internet Chess Club"]
[Date "2006.04.09"]
[Round "3"]
[White "RD1974"]
[Black "Zyme"]
[Result "0-1"]
[WhiteElo "1634"]
[BlackElo "1479"]
[TimeControl "2700+45"]

1. e4 e6 2. d3 d5 3. Nd2 Nf6 4. e5 Nfd7 5. d4 c5 6. c3 Nc6 7. Ndf3 cxd4 8. cxd4
Be7 9. Ne2 f6 10. Nf4 Kf7 11. Nd3 fxe5 12. Ndxe5+ Ndxe5 13. dxe5 Rf8 14. Bd3 Kg8
15. O-O Qc7 16. Re1 Bd7 17. Qc2 h6 18. Bh7+ Kh8 19. Bxh6 gxh6 20. Qg6 Rxf3 21.
Qxh6 Bf8 22. Qh5 Be8 23. Bg6+ Kg8 24. gxf3 Qg7 25. Kh1 Bxg6 26. Qg5 Bf5 27. Qe3
Kf7 28. Rg1 Qh6 29. f4 Qh3 30. Rg3 Be4+ 31. f3 Bxf3+ 32. Qxf3 Qh7 33. Rc1 Be7
34. a3 Rh8 35. Rg2 Nd4 36. Qf2 Nc6 37. b4 Bh4 38. Qd2 Qe4 39. b5 Ne7 40. Rc7 Bg3
41. Kg1 Bxf4 42. Rf2 Rg8+ 43. Kf1 Qh1+ 44. Ke2 Qe4+ 45. Qe3 Qxe3+ 46. Kf1 Qh3+
47. Ke2 Rg2 48. b6 Qe3+ 49. Kd1 Rg1+ 50. Kc2 Qxf2+ 51. Kb3 Qxb6+ 52. Ka4 Qxc7
53. h4 Rb1 54. h5 Bd2 {White resigns} 0-1  aics%

[Event "Team 45 45 League T30"]
[Site "Internet Chess Club"]
[Date "2006.04.13"]
[Round "3"]
[White "DavidBarnsley"]
[Black "achessman"]
[Result "1-0"]
[WhiteElo "2023"]
[BlackElo "2004"]
[TimeControl "2700+45"]

1. d4 d5 2. Nc3 Nf6 3. e4 dxe4 4. f3 exf3 5. Nxf3 e6 6. Bd3 c5 7. Be3 Nbd7 8.
O-O Be7 9. Qe1 O-O 10. Rd1 Qa5 11. Nd5 Qd8 12. Nxe7+ Qxe7 13. Qh4 Re8 14. Bg5
Qf8 15. Ne5 h6 16. Bxf6 Nxf6 17. Rxf6 gxf6 18. Ng4 f5 19. Nf6+ Kg7 20. Bb5 Rd8
21. Rd3 Rxd4 22. Rg3+ Rg4 23. Nxg4 fxg4 24. Rxg4+ Kh7 25. Qf6 c4 26. Bxc4 {Black
resigns} 1-0  aics%

[Event "Team 45 45 League T30"]
[Site "Internet Chess Club"]
[Date "2006.04.11"]
[Round "3"]
[White "tourettes"]
[Black "MrShaw"]
[Result "1-0"]
[WhiteElo "1750"]
[BlackElo "1735"]
[TimeControl "2700+45"]

1. e4 e6 2. d3 d5 3. Nd2 c5 4. Ngf3 Nc6 5. g3 Bd6 6. Bg2 Nge7 7. O-O O-O 8. Re1
f6 9. a3 d4 10. Nc4 e5 11. Nh4 b5 12. Nxd6 Qxd6 13. f4 Be6 14. f5 Bf7 15. g4 c4
16. Bd2 a5 17. Rf1 b4 18. dxc4 Bxc4 19. Rf3 Rfd8 20. g5 d3 21. c3 bxc3 22. bxc3
Rab8 23. Rg3 Bf7 24. gxf6 Qxf6 25. Bg5 Qd6 26. f6 Ng6 27. Nf5 Qc5+ 28. Be3 Qxc3
29. Rc1 Qb3 30. h4 d2 31. Bxd2 Qxd1+ 32. Rxd1 Rb2 33. Rc1 Rbxd2 34. Rxc6 Be8 35.
Rc5 Bd7 36. h5 Bxf5 37. exf5 Nf4 38. Rxg7+ Kf8 39. Rcc7 Rb8 40. Rcf7+ {Black
resigns} 1-0  aics%

[Event "Team 45 45 League T30"]
[Site "Internet Chess Club"]
[Date "2006.04.06"]
[Round "3"]
[White "Chessnut"]
[Black "kingfischer57"]
[Result "1/2-1/2"]
[WhiteElo "1935"]
[BlackElo "1833"]
[TimeControl "2700+45"]

1. e4 e6 2. d4 d5 3. Nc3 Bb4 4. e5 c5 5. Bd2 Ne7 6. Nb5 Bxd2+ 7. Qxd2 O-O 8. Nf3
cxd4 9. Nbxd4 Nbc6 10. Bd3 Nxd4 11. Nxd4 Qb6 12. Nb3 Nc6 13. f4 Bd7 14. Qf2
Qxf2+ 15. Kxf2 Nb4 16. Nc5 Bc6 17. c3 Nxd3+ 18. Nxd3 b6 19. g3 d4 20. Rhc1 Be4
21. Ke2 dxc3 22. Rxc3 Bxd3+ 23. Rxd3 Rfc8 24. Rad1 h6 25. Rd7 Rc2+ 26. R1d2
Rxd2+ 27. Kxd2 Kf8 28. Rb7 Ke8 29. Kc3 Rc8+ 30. Kd3 Rd8+ 31. Ke3 Rd7 32. Rxd7
Kxd7 33. Kd4 Kc6 34. a4 a5 35. Kc4 g6 36. b3 h5 37. h3 Kb7 38. Kb5 Kc7 39. g4
hxg4 40. hxg4 Kb7 41. b4 axb4 42. Kxb4 Kc6 43. Kc4 Kb7 44. Kb5 Kc7 45. g5 {Game
drawn by mutual agreement} 1/2-1/2  aics%

[Event "Team 45 45 League T30"]
[Site "Internet Chess Club"]
[Date "2006.04.09"]
[Round "3"]
[White "crankn8tr"]
[Black "burnsja2003"]
[Result "1-0"]
[WhiteElo "1635"]
[BlackElo "1725"]
[TimeControl "2700+45"]

1. e4 c5 2. Nf3 e6 3. d4 cxd4 4. Nxd4 Nc6 5. Nc3 d6 6. Be3 Nf6 7. Qd2 Be7 8.
O-O-O O-O 9. Ndb5 Ng4 10. Bf4 e5 11. h3 Nxf2 12. Qxf2 exf4 13. Nd5 Bg5 14. Kb1
a6 15. Nbc3 Ne5 16. Nxf4 Qf6 17. Ncd5 Qd8 18. Nd3 Be6 19. Nxe5 dxe5 20. Bc4 Bxd5
21. Bxd5 Qc7 22. h4 Be7 23. g4 Rac8 24. Rh3 Bc5 25. Qf3 b5 26. h5 b4 27. g5 Be7
28. Qb3 Bxg5 29. Rf1 Bf4 30. Rh4 a5 31. Rg4 a4 32. Qxa4 Qe7 33. Rfg1 Bh6 34. Qa6
Kh8 35. Qe2 Qc7 36. Bb3 Rb8 37. Qg2 f5 38. exf5 Rxf5 39. Rc4 Qd8 40. Qe2 Qf8 41.
a3 bxa3 42. Ra4 axb2 43. Ra7 Qc5 44. Raxg7 Bxg7 45. Qg4 Qa7 46. Kxb2 Rxh5 47.
Rd1 e4+ 48. Kc1 Qa1+ 49. Kd2 Rh2+ 50. Ke3 Qc3+ 51. Kf4 Rf8+ 52. Kxe4 Qd4+ 53.
Rxd4 Bxd4 54. Kxd4 Rhf2 55. Kc3 R2f6 56. Kb2 Rf2 57. Qd4+ R2f6 58. c4 Kg7 59. c5
h6 60. c6 Kg6 61. Qg4+ Kh7 62. Bc2+ Kh8 63. c7 Rf4 64. Qxf4 Rxf4 65. c8=Q+ Kg7
{Black resigns} 1-0

[Event "Team 45 45 League T30"]
[Site "Internet Chess Club"]
[Date "2006.04.11"]
[Round "3"]
[White "Knightstorm57"]
[Black "Hazy"]
[Result "1-0"]
[WhiteElo "1903"]
[BlackElo "1822"]
[TimeControl "2700+45"]

1. c4 Nf6 2. g3 g6 3. Bg2 Bg7 4. d4 c6 5. e4 d5 6. cxd5 cxd5 7. e5 Ng8 8. Nc3 e6
9. Nge2 Ne7 10. O-O O-O 11. Bg5 h6 12. Bd2 Nbc6 13. a3 Kh7 14. f4 a6 15. b4 b5
16. g4 Bd7 17. Be3 Rc8 18. Rc1 Rc7 19. Ng3 Qc8 20. Qd3 Na7 21. Nb1 Qb7 22. Rxc7
Qxc7 23. Rc1 Qb7 24. Rc5 Rc8 25. Qc2 Bf8 26. Qb3 Nec6 27. Rc1 Nb8 28. f5 Rc4 29.
fxg6+ fxg6 30. Qd3 Rxc1+ 31. Bxc1 Kg7 32. Nd2 Qc7 33. Ne2 Nc8 34. Bb2 Be8 35.
Nf4 Bf7 36. Nb3 Nb6 37. Nc5 Nc4 38. Nfxe6+ {Black resigns} 1-0  aics%

[Event "Team 45 45 League T30"]
[Site "Internet Chess Club"]
[Date "2006.04.07"]
[Round "3"]
[White "dondel"]
[Black "wojozim"]
[Result "0-1"]
[WhiteElo "1633"]
[BlackElo "1640"]
[TimeControl "2700+45"]

1. e4 d6 2. Nf3 Nf6 3. Nc3 e5 4. d4 exd4 5. Nxd4 Be7 6. Bd3 O-O 7. h3 Re8 8. Be3
Nbd7 9. Nf3 Bf8 10. Qd2 c6 11. g4 d5 12. exd5 cxd5 13. O-O-O Ne4 14. Nxe4 dxe4
15. Be2 exf3 16. Bxf3 Qf6 17. Bd5 Bc5 18. Rde1 Bxe3 19. fxe3 Qe5 20. Re2 Nf6 21.
Bb3 Be6 22. Qb4 Bxb3 23. Qxb3 Qd5 24. Rhe1 Qxb3 25. axb3 Ne4 26. c4 Re7 27. Kc2
Rae8 28. b4 Ng5 29. h4 Nf3 30. Rd1 Nxh4 31. Rd3 Re4 32. Red2 Rxc4+ 33. Kb3 Rce4
34. Rd8 Kf8 35. Rxe8+ Kxe8 36. Rc2 Rxe3+ 37. Ka4 Kd7 38. Rf2 Ke6 39. b3 g5 40.
Rc2 Re4 41. Rc7 Rxg4 42. Rxb7 h5 43. Rxa7 Rd4 44. Ka5 Nf5 45. Ra6+ Rd6 46. Ra8
Nd4 47. Ka4 f5 48. Re8+ Kf7 49. Ra8 f4 50. b5 f3 51. Ra7+ Kf6 52. Ra6 Nxb5 53.
Kxb5 Rxa6 54. Kxa6 f2 {White resigns} 0-1  aics%  allanchs(345): good game wojo
aics%

[Event "Team 45 45 League T30"]
[Site "Internet Chess Club"]
[Date "2006.04.06"]
[Round "3"]
[White "boozehound"]
[Black "qs16"]
[Result "0-1"]
[WhiteElo "1579"]
[BlackElo "1654"]
[TimeControl "2700+45"]

1. e4 c5 2. Nf3 d6 3. Bb5+ Bd7 4. Bxd7+ Qxd7 5. c4 Nc6 6. Nc3 Nf6 7. d3 e6 8.
O-O Be7 9. Bg5 O-O 10. Nh4 a6 11. a4 Nd4 12. f4 h6 13. Bxf6 Bxf6 14. Nf3 Qe7 15.
e5 Nxf3+ 16. Qxf3 dxe5 17. Ne4 exf4 18. Qxf4 Bd4+ 19. Kh1 Rad8 20. Rf3 Rd7 21.
Rg3 f5 22. Nd2 Qf6 23. Nf3 Bxb2 24. Re1 Rxd3 25. h3 e5 26. Rxg7+ Qxg7 27. Qh4 e4
28. Nh2 Rd2 29. g4 Qg5 30. Qg3 Rd3 31. Qc7 f4 32. Rxe4 Rd1+ 33. Kg2 Rd2+ 34. Kh1
Bd4 35. Nf3 Rd1+ 36. Kg2 Qf6 37. Qxb7 Be3 38. Re5 Qd6 39. g5 Rd2+ 40. Kh1 Rd1+
41. Kg2 Qd3 42. Qd5+ Qxd5 43. cxd5 hxg5 44. Rxg5+ Kh7 45. Rh5+ Kg6 46. Rg5+ Kf6
47. Rh5 Rg8+ 48. Kh2 Bg1+ 49. Kh1 Bf2+ 50. Kh2 Bg3+ 51. Kg2 Ra1 52. h4 Bxh4+ 53.
Kh3 Rh1+ 54. Nh2 Bg3 55. Kg2 Rxh2+ 56. Rxh2 Bxh2+ 57. Kxh2 Ke5 {White resigns}
0-1  aics%  Don-Nadie(DM)(71): si alguien tiene problemas para apuntarse a la
simul que me lo diga aics%

[Event "Team 45 45 League T30"]
[Site "Internet Chess Club"]
[Date "2006.04.08"]
[Round "3"]
[White "Sir-Knightly"]
[Black "DTK"]
[Result "1-0"]
[WhiteElo "2279"]
[BlackElo "2112"]
[TimeControl "2700+45"]

1. d4 Nf6 2. c4 c5 3. d5 b5 4. cxb5 a6 5. b6 e6 6. Nc3 Nxd5 7. Nxd5 exd5 8. Qxd5
Nc6 9. Nf3 Rb8 10. e4 Be7 11. Bc4 O-O 12. O-O Na5 13. Bd3 Rxb6 14. Qh5 d5 15.
exd5 g6 16. Qh6 Qxd5 17. Bd2 Nc6 18. Rfe1 Qh5 19. Qxh5 gxh5 20. b3 Be6 21. Rac1
Nb4 22. Bb1 Rd8 23. Be3 Nd3 24. Bxd3 Rxd3 25. Bxc5 Bxc5 26. Rxc5 Bg4 27. Ne5 Rd2
28. Nc4 Re6 29. Ne3 Red6 30. Ra5 Be6 31. h4 Rb2 32. f4 Rd4 33. f5 Bc8 34. Nc4
Rc2 35. Re8+ Kg7 36. Rxc8 Rxh4 37. Rd8 Rc1+ 38. Kf2 Rc2+ 39. Kf3 Rg4 40. Ne3 Rc3
41. Rxa6 {Black resigns} 1-0  aics%

[Event "Team 45 45 League T30"]
[Site "Internet Chess Club"]
[Date "2006.04.08"]
[Round "3"]
[White "BaroneRosso"]
[Black "Aubie"]
[Result "1-0"]
[WhiteElo "2047"]
[BlackElo "1984"]
[TimeControl "2700+45"]

1. d4 Nf6 2. c4 e6 3. Nf3 Bb4+ 4. Nbd2 O-O 5. e3 b6 6. Bd3 Bb7 7. O-O d5 8. a3
Be7 9. b4 c5 10. bxc5 bxc5 11. Rb1 Ba6 12. Ne5 dxc4 13. Ndxc4 Qd5 14. Qa4 Bc8
15. Be2 Ne4 16. Bf3 Nd7 17. Nd2 f5 18. Rd1 Bh4 19. g3 cxd4 20. Nxd7 Bxd7 21.
Qxd4 Qxd4 22. exd4 Nxd2 23. Bxd2 Bf6 24. Bxa8 Rxa8 25. Bf4 Ba4 26. Rdc1 a6 27.
Rb8+ Rxb8 28. Bxb8 Bb5 29. Be5 Be7 30. Rc7 Bxa3 31. Rxg7+ Kf8 32. Rxh7 a5 33.
Rb7 Bc6 34. Rb6 Bd7 35. Bd6+ Bxd6 36. Rxd6 Ke7 37. Ra6 {Black resigns} 1-0 
aics%

[Event "Team 45 45 League T30"]
[Site "Internet Chess Club"]
[Date "2006.04.08"]
[Round "3"]
[White "JudokaUsa"]
[Black "ikalel"]
[Result "1-0"]
[WhiteElo "1905"]
[BlackElo "1908"]
[TimeControl "2700+45"]

1. e4 e6 2. Qe2 Nf6 3. e5 Nd5 4. d4 Nc6 5. Nf3 Be7 6. c4 Bb4+ 7. Bd2 Bxd2+ 8.
Qxd2 Nde7 9. d5 exd5 10. cxd5 Nb8 11. d6 Ng6 12. Bd3 O-O 13. O-O Nc6 14. Bxg6
hxg6 15. Nc3 b6 16. Nd5 cxd6 17. exd6 Bb7 18. Qf4 Rc8 19. Rfe1 Re8 20. Rxe8+
Qxe8 21. Re1 Qf8 22. b4 b5 23. h4 Re8 24. Ne7+ Kh8 25. Ng5 Nd8 26. Re3 a6 27. h5
gxh5 28. Qh4 g6 29. g4 Ne6 30. gxh5 Nxg5 31. Qxg5 Qg7 32. Kh2 Rf8 33. hxg6
{Black forfeits on time} 1-0  aics%  kennyroses(71): cuando jugaste Th8 aics%

[Event "Team 45 45 League T30"]
[Site "Internet Chess Club"]
[Date "2006.04.10"]
[Round "3"]
[White "camembert"]
[Black "MindRide"]
[Result "1-0"]
[WhiteElo "1935"]
[BlackElo "1820"]
[TimeControl "2700+45"]

1. d4 Nf6 2. c4 e6 3. Nc3 Bb4 4. e3 O-O 5. Ne2 b6 6. a3 Bxc3+ 7. Nxc3 Bb7 8. Bd3
d5 9. cxd5 exd5 10. b4 c5 11. bxc5 bxc5 12. dxc5 Qa5 13. Bd2 Qxc5 14. O-O Nc6
15. Ne2 a5 16. Bc3 Rfe8 17. Bxf6 gxf6 18. Nf4 Ne5 19. Bf5 Ng6 20. Qg4 Bc8 21.
Rfc1 Bxf5 22. Qxf5 Qd6 23. Qxd5 Red8 24. Nxg6 hxg6 25. Qxd6 Rxd6 26. Ra2 Rad8
27. Kf1 Rd1+ 28. Rxd1 Rxd1+ 29. Ke2 Rh1 30. h3 Rb1 31. Rd2 Rb3 32. Rd3 Rb2+ 33.
Kf3 Ra2 34. g4 Kg7 35. Kg3 Ra1 36. Kf4 Ra2 37. f3 g5+ 38. Ke4 Rh2 39. Rd5 Rxh3
40. Rxa5 Rh2 41. Rd5 Ra2 42. Rd3 Kg6 43. Kd5 f5 44. gxf5+ Kxf5 45. Kc4 Ke6 46.
Kb3 Rf2 47. e4 f5 48. exf5+ Kxf5 49. a4 Kf4 50. a5 Rf1 51. Kb4 Ra1 52. Ra3 Rb1+
53. Kc5 Rc1+ 54. Kd6 Rd1+ 55. Ke6 Re1+ 56. Kf6 Rc1 57. Ra4+ Kxf3 58. Kxg5 Rc5+
59. Kf6 Rc6+ 60. Ke5 Ra6 61. Kd5 Ke3 62. Kc5 Kd3 63. Kb5 Ra8 64. a6 Kc3 65. a7
Kb3 66. Ra6 Kc3 67. Kb6 Kc4 68. Kb7 Rh8 69. a8=Q Rh7+ 70. Kb6 {Black resigns}
1-0  aics%